cohdb
Replays
Latest Replays
All Replays
Popular Replays
Top Player Replays
Match Explorer
How It Works
Community
CoH3 Stats
Reddit
Sign in to upload your games and track your stats! →
Sign in with Steam
Match 27843267
Unlisted
Match 27843267
Overview
Messages
Build Orders
End
Construct Infanterie Kompanie
Selects Luftwaffe Battlegroup
Selects Luftwaffe Pioneer Support
Grenadier Squad
MG 42 Machine Gun Team
Pioneer Squad
GrW 34 Mortar Team
Construct Luftwaffe Kompanie
Jäger Squad
Selects LG40 Recoilless Gun Paradrop
LG40 Recoilless Gun Paradrop
Jäger Squad
Support Elements
Wirbelwind Flakpanzer
Medical Bunker
Jäger Squad
Selects Stuka Strafing Run
Selects Fallschirmjäger Squad Paradrop
Construct Panzer Kompanie
Panzer IV Medium Tank
Selects Stuka Loiter
Luftwaffe Officer Quarters
Rice Cat
SAS
초코뉴비
moemoe
schultz110
RPZWolf
JR1
Insurmountable Odds
0
0
Comments
sign in to comment!
No comments posted yet!